 Dungeon Crawl Stone Soup version 0.15-a0-995-gc8af7eb (console) character file.

252 Goldman the Scratcher (level 5, 0/22 HPs)
             Began as a Felid Monk on May 24, 2014.
             Was a Believer of Okawaru.
             Succumbed to a worker ant's poison
             ... on Level 4 of the Dungeon.
             The game lasted 00:06:08 (941 turns).

Goldman the Scratcher (Felid Monk)                   Turns: 941, Time: 00:06:08

HP   0/22        AC  1     Str  8      XL: 5   Next: 89%
MP   8/8         EV 19     Int 12      God: Okawaru [**....]
Gold 89          SH  0     Dex 18      Spells:  0 memorised,  4 levels left
Lives: 0, deaths: 1

rFire  . . .     SeeInvis +       - Unarmed
rCold  . . .     Clarity  .     (armour unavailable)
rNeg   + . .     Conserve .     (shield unavailable)
rPois  .         rCorr    .     (helmet unavailable)
rElec  .         rRot     .     (cloak unavailable)
SustAb .         Spirit   .     (gloves unavailable)
rMut   .         Warding  +     (boots unavailable)
Gourm  .         Stasis   .     k - amulet of warding
MR     .....                    (no ring)
                                g - ring of wizardry

@: lethally poisoned, very slightly contaminated, hasted, very quick, not
resistant to hostile enchantments, fairly stealthy
A: paw claws, no armour, no weapons or thrown items, fangs 3, see invisible,
carnivore 3, speed 1, shaggy fur 1, slow metabolism 1, jump 1
a: Jump Attack, Heroism, Renounce Religion


You were on level 4 of the Dungeon.
You worshipped Okawaru.
Okawaru was pleased with you.
You were not hungry.

You visited 1 branch of the dungeon, and saw 4 of its levels.

You collected 89 gold pieces.

Inventory:

Comestibles
 b - a meat ration
Scrolls
 c - a scroll of blinking {unknown}
 d - 3 scrolls of remove curse {unknown}
 e - a scroll of immolation {unknown}
 f - 4 scrolls of identify {unknown}
 h - a scroll of random uselessness {unknown}
 i - a scroll of teleportation {unknown}
 j - a scroll of fear {unknown}
Jewellery
 g - a ring of wizardry (left paw)
 k - an amulet of warding (around neck)
Books
 a - a book of Power

   Spells                             Type                      Level
   Fulminant Prism                    Conjuration/Hexes            4
   Iskenderun's Mystic Blast          Conjuration                  4
   Venom Bolt                         Conjuration/Poison           5
   Bolt of Magma                      Conjuration/Fire/Earth       5
   Iron Shot                          Conjuration/Earth            6
   Orb of Destruction                 Conjuration                  7


   Skills:
 - Level 2.0 Fighting
 - Level 4.0 Dodging
 - Level 2.6 Stealth
 + Level 7.2 Unarmed Combat


You had 4 spell levels left.
You didn't know any spells.

Dungeon Overview and Level Annotations

Branches:
Dungeon (4/15)
 Temple: D:4-7

Altars:
Makhleb
Okawaru
Zin


Innate Abilities, Weirdness & Mutations

You cannot wear armour.
You are incapable of wielding weapons or throwing items.
Your paws have sharp claws.
You have razor-sharp teeth.
You have supernaturally acute eyesight.
You are carnivorous and can eat meat at any time.
You cover ground quickly.
You are covered in fur (AC +1).
You have a slow metabolism.
You can jump attack at a short distance.


Message History

You are lethally poisoned!
The worker ant poisons you!
You scratch the worker ant. You claw the worker ant!
The worker ant is severely wounded.
* * * LOW HITPOINT WARNING * * *
You feel sick.
Drink which item? (? for menu, Esc to quit)
Okay, then.
* * * LOW HITPOINT WARNING * * *
You feel sick.
Drink which item? (? for menu, Esc to quit)
You feel yourself speed up.
It was a potion of haste.
The worker ant completely misses you. x2
You are very lightly contaminated with residual magic.
* * * LOW HITPOINT WARNING * * *
You feel sick.
You feel like a meek peon again.
* * * LOW HITPOINT WARNING * * *
You feel sick.
You die...

...## #.#...# #.# #...#
....## #.#...# #.# #...#
.....## #.###'# #.# #...#
......## #.....# #.# #...#
......(###.....# #.####...#
........##.....# #........#
.........#.....# #........#
..%............###........#
..........####..@...a.....#
..........# #..######....#
....8.....# #..# #....#
..........# #..# #....#
..........# #..# #....#
.........## #..# #....#
........## #..# #....#
..#####... .... .... .##
#.. ###


You could see a worker ant.

Vanquished Creatures
  An ice beast (D:4)
  A scorpion (D:4)
  A hound (D:3)
  2 worker ants (D:4)
  An ogre skeleton (D:4)
  4 adders
  An inept feature mimic (D:2)
  2 giant geckos
  An ooze (D:3)
  5 orcs (D:4)
  2 ball pythons
  4 giant cockroaches
  2 hobgoblins
  3 jackals (D:3)
  A kobold (D:3)
  2 quokkas (D:3)
  4 bats
  A giant newt (D:4)
  A quokka skeleton (D:4)
  6 rats
45 creatures vanquished.

Notes
Turn   | Place    | Note
--------------------------------------------------------------
     0 | D:1      | Goldman, the Felid Monk, began the quest for the Orb.
     0 | D:1      | Reached XP level 1. HP: 9/9 MP: 2/2
    11 | D:2      | Found an iron altar of Okawaru.
    22 | D:2      | Became a worshipper of Warmaster Okawaru
    22 | D:2      | Acquired Okawaru's first power
    78 | D:2      | Found a burning altar of Makhleb.
    78 | D:2      | Noticed a blizzard demon
    79 | D:2      | Found a glowing silver altar of Zin.
    79 | D:2      | Noticed an angel
   108 | D:2      | Reached XP level 2. HP: 11/13 MP: 3/3
   247 | D:3      | Noticed a hound
   258 | D:3      | Killed a hound
   258 | D:3      | Reached XP level 3. HP: 6/16 MP: 5/5
   309 | D:3      | Noticed an orc priest
   311 | D:3      | Noticed an orc priest
   375 | D:4      | Noticed a scorpion
   388 | D:4      | Reached skill level 5 in Unarmed Combat
   388 | D:4      | Reached XP level 4. HP: 7/19 MP: 4/7
   413 | D:4      | Killed a scorpion
   413 | D:4      | Reached XP level 5. HP: 16/22 MP: 6/8
   481 | D:4      | Reached skill level 6 in Unarmed Combat
   530 | D:4      | Slain by an orc
   531 | D:4      | Reached XP level 4. HP: -2/19 MP: 7/7
   797 | D:3      | Reached XP level 5. HP: 18/22 MP: 8/8
   890 | D:4      | Noticed an ice beast
   903 | D:4      | Killed an ice beast
   903 | D:4      | Reached skill level 7 in Unarmed Combat
   939 | D:4      | HP: 1/22 [poisoned by a worker ant]
   941 | D:4      | Succumbed to a worker ant's poison

Action                   |  1- 3 |  4- 6 || total
-------------------------+-------+-------++-------
Melee: Unarmed           |    51 |    96 ||   147
Invok: Heroism           |     2 |     1 ||     3
  Use: Potion            |       |     4 ||     4
 Stab: Sleeping          |     4 |     4 ||     8
